 Dungeon Sprint DCSS version 0.28.0-53-g5a82cb258f (webtiles) character file.

Game seed: 3687837062026723375

1409 Zeld the Cleaver (level 8, 0/121 HPs)
             Began as a Minotaur Berserker on June 16, 2022.
             Was a Priest of Trog.
             Slain by a yaktaur captain (5 damage)
             ... in the Dungeon (Sprint II: "The Violet Keep of Menkaure").
             The game lasted 00:02:11 (877 turns).

Zeld the Cleaver (Minotaur Berserker)                Turns: 877, Time: 00:02:11

Health: 0/121      AC:  0    Str: 24    XL:     8   Next: 42%
Magic:  7/7        EV: 17    Int:  4    God:    Trog [***...]
Gold:   762        SH:  0    Dex: 10    Spells: 7/7 levels left

rFire   . . .      SeeInvis .   (weapon currently unavailable)
rCold   . . .      Faith    .   (shield currently unavailable)
rNeg    . . .      Spirit   .   (armour currently unavailable)
rPois   .          Reflect  .   (helmet currently unavailable)
rElec   .          Harm     .   (cloak currently unavailable)
rCorr   .          Rampage  .   (gloves currently unavailable)
Will    .....      NoTele   +   (boots currently unavailable)
Stlth   ..........              (no amulet)
HPRegen 0.30/turn               (ring currently unavailable)
MPRegen 0.10/turn               (ring currently unavailable)

@: berserking (expiring), pig-form, slowed, very quick
A: fast, no casting, small, (horns 2), (retaliatory headbutt)
a: Renounce Religion, Berserk, Trog's Hand


You were in the Dungeon.
You worshipped Trog.
Trog was most pleased with you.
You were a filthy swine.
You visited 1 branch You collected 972 gold pieces.
You spent 210 gold pieces at shops.

Inventory:

Hand Weapons
 a - a +0 hand axe (melded)
Armour
 b - a +0 animal skin (melded)
Jewellery
 i - a ring of see invisible
Scrolls
 h - 2 scrolls of blinking
Potions
 c - a potion of curing
 d - a potion of heal wounds
 e - a potion of haste
 f - 2 potions of magic
 g - a potion of berserk rage


   Skills:
 + Level 10.8 Fighting
 * Level 14.5 Axes
 + Level 10.4 Armour
 + Level 9.5 Dodging


You had 7 spell levels left.
You didn't know any spells.
Your spell library was empty.

Dungeon Overview and Level Annotations

Branches:
Dungeon (1/1)

Altars:

Shops:
D ?:!(=[=[=:!*!:*

Annotations:
D exclusion: oklob plant, Kirke


Innate Abilities, Weirdness & Mutations

You are a filthy swine.
You move quickly.
Your equipment is almost entirely melded.
You are incapable of wielding weapons or throwing items.
You cannot cast spells.
((You have a pair of horns on your head.))
((You reflexively headbutt those who attack you in melee.))


Message History

You barely miss the yaktaur captain.
The crimson imp is engulfed in freezing vapours.
The crimson imp dies!
The crimson imp disappears in a puff of smoke!
The kobold demonologist looks braver for a moment.
You slash Kirke! Your headbutt misses Kirke.
Kirke is severely wounded.
You slash the yaktaur captain!
The centaur warrior is engulfed in freezing vapours.
Kirke casts a spell at you.
You turn into a filthy swine.
Your +0 hand axe melds into your body.
Your +0 animal skin melds into your body.
The yaktaur captain hits you.
* * * LOW HITPOINT WARNING * * *
The kobold demonologist gestures wildly while chanting.
Unknown command.
Unknown command.
You bite Kirke!
Kirke is almost dead.
The centaur warrior is engulfed in freezing vapours.
Kirke holds her sides and says, "You'll eat dirt beneath my feet."
Kirke hits you.
* * * LOW HITPOINT WARNING * * *
The centaur warrior is engulfed in freezing vapours.
The yaktaur captain closely misses you.
Unknown command.
You hit the yaktaur captain.
The yaktaur captain is severely wounded.
The centaur warrior is engulfed in freezing vapours.
Kirke says, "Can we stop fighting?
I have some good wine for you..."
Kirke mumbles some strange words.
Kirke flickers and vanishes!
Deactivating autopickup; reactivate with Ctrl-A.
Unknown command.
Really walk into a travel-excluded area?
Okay, then.
Really walk into a travel-excluded area?
Okay, then.
You bite something! The yaktaur captain hits you.
You die...

+#### ##°○○≈≈≈≈## ##○°≈≈°°≈○≈##
# +°°≈°°8≈≈≈≈°# cK## #°≈○°≈○°°≈
@c.≈##○○≈°≈≈
##########5≈#''c#+++##
#########≈≈≈..K{c....#
∩.∩.....#≈≈≈≈.##h##..#
.∩.∩....#≈≈≈≈##.#.## ###
..∩.∩...#≈≈≈≈#..#..# ..#
...∩.∩..#≈≈####...####..##
....∩.⌠.#≈##.###'###.##..#
.....∩..#≈#...##.##...#..#
..∩.∩...'≈'.##'.<.'###'..###
.∩.∩†...#≈###.##.##...#....###^
▓▓▓▓▓▓###≈##.###'###.##......≈≈


You could see a yaktaur captain, an ice statue, a centaur warrior, a kobold
demonologist and an iron imp (summoned).

Vanquished Creatures
  A boulder beetle (D)
  2 wyverns (D)
  A water moccasin (D)
  4 necrophages (D)
  A scorpion (D)
  3 worms (D)
12 creatures vanquished.

Notes
Turn   | Place    | Note
-------+----------+-------------------------------------------
     0 | D        | Zeld the Minotaur Berserker began the quest for the Orb.
     0 | D        | Reached XP level 1. HP: 19/19 MP: 0/0
     9 | D        | Reached skill level 4 in Axes
    11 | D        | Reached ** piety under Trog
    12 | D        | Reached XP level 2. HP: 4/27 MP: 1/1
   314 | D        | Noticed a necrophage
   314 | D        | Noticed a necrophage
   314 | D        | Noticed a necrophage
   314 | D        | Noticed a necrophage
   317 | D        | Killed a necrophage
   318 | D        | Reached skill level 5 in Fighting
   318 | D        | Reached skill level 7 in Axes
   318 | D        | Reached skill level 5 in Armour
   318 | D        | Reached XP level 3. HP: 37/37 MP: 2/2
   318 | D        | Reached XP level 4. HP: 44/44 MP: 3/3
   320 | D        | Killed a necrophage
   321 | D        | Reached skill level 9 in Axes
   321 | D        | Reached skill level 5 in Dodging
   321 | D        | Reached XP level 5. HP: 51/51 MP: 4/4
   324 | D        | Killed a necrophage
   325 | D        | Reached skill level 10 in Axes
   325 | D        | Killed a necrophage
   325 | D        | Reached *** piety under Trog
   326 | D        | Reached XP level 6. HP: 61/61 MP: 5/5
   371 | D        | Noticed a wyvern
   371 | D        | Noticed a wyvern
   374 | D        | Killed a wyvern
   375 | D        | Reached skill level 11 in Axes
   377 | D        | Killed a wyvern
   378 | D        | Reached skill level 12 in Axes
   378 | D        | Reached XP level 7. HP: 70/70 MP: 6/6
   466 | D        | Noticed a boulder beetle
   466 | D        | Noticed a boulder beetle
   486 | D        | Killed a boulder beetle
   487 | D        | Reached skill level 10 in Fighting
   487 | D        | Reached skill level 14 in Axes
   487 | D        | Reached skill level 10 in Armour
   487 | D        | Reached XP level 8. HP: 66/80 MP: 7/7
   663 | D        | Found Xoafih's General Store.
   664 | D        | Found Bihoquwu's Distillery.
   664 | D        | Found Fisyirerch's General Store.
   664 | D        | Found Dosuvatt's Book Boutique.
   665 | D        | Found Aruej's Book Shop.
   665 | D        | Found Qeypesch's Jewellery Shop.
   665 | D        | Found Umudwil's Distillery.
   682 | D        | Found Valahog's Jewellery Boutique.
   682 | D        | Found Hautat's Antique Armour Boutique.
   683 | D        | Found Qunkon's Antique Armour Boutique.
   685 | D        | Found Ypoomat's Jewellery Shop.
   687 | D        | Found Paymisets's Antique Weapon Boutique.
   687 | D        | Found Abakhyps's Distillery.
   687 | D        | Noticed an oklob plant
   688 | D        | Found Tauhid's Book Shoppe.
   688 | D        | Found Yvawka Pae's Magic Scroll Boutique.
   688 | D        | Noticed a manticore
   689 | D        | Noticed a manticore
   690 | D        | Noticed a manticore
   692 | D        | Noticed a polar bear
   694 | D        | Noticed a polar bear
   713 | D        | Bought a ring of see invisible for 210 gold pieces
   850 | D        | Noticed an ice statue
   853 | D        | Noticed Kirke
   853 | D        | Noticed a kobold demonologist
   853 | D        | Noticed a yaktaur captain
   854 | D        | Noticed a centaur warrior
   875 | D        | HP: 5/121 [Kirke (2)]
   877 | D        | Slain by a yaktaur captain

Illustrated notes

Levels and vault maps discovered:
D:        the_violet_keep_of_menkaure [sprint2_stairs_cluster_1,
          sprint2_shoproom, sprint2_temple, sprint2_basic_supplies,
          sprint2_obstacle_5, sprint2_obstacle_3, sprint2_obstacle_2,
          sprint2_obstacle_6, sprint2_obstacle_7, sprint2_timed_cluster_1,
          sprint2_smallroom_cluster_1, sprint2_smallroom_final_cluster_1,
          sprint2_transparent_cluster_1, sprint2_second_timed_cluster_1,
          sprint2_sniper_area_1, sprint2_heavy_combat_area_1,
          sprint2_mutation_trap_area_1, sprint2_forest_area_1,
          sprint2_light_combat_area_1, sprint2_behind_water_1,
          sprint2_near_end_vault_1]

Skill      XL: |  1  2  3  4  5  6  7 |
---------------+----------------------+-----
Fighting       | 4 5 6 8 9 10 | 10.8
Axes           | 4 7 9 10 12 14 | 14.5
Armour         | 3 5 6 7 8 10 | 10.4
Dodging        | 3 4 5 6 8 9 |  9.5

Action                   |  1- 3 |  4- 6 |  7- 9 || total
-------------------------+-------+-------+-------++-------
Melee: Hand axe          |    10 |    12 |    40 ||    62
       Headbutt          |     2 |     4 |    11 ||    17
       Punch             |       |     1 |     1 ||     2
       Unarmed           |       |       |     3 ||     3
Invok: Berserk           |     2 |     1 |     2 ||     5
Armor: Animal skin       |       |       |     1 ||     1
Dodge: Dodged            |     4 |     8 |    15 ||    27
